 Dungeon Crawl Stone Soup version 0.30-a0-159-g068b764562 (webtiles) character file.

Game seed: 15524443662527870059

3 Sobieck the Caller (level 1, 0/9 HPs)
             Began as a Vine Stalker Summoner on Sept 27, 2022.
             Slain by a hobgoblin (4 damage)
             ... on level 1 of the Dungeon.
             The game lasted 00:00:29 (145 turns).

Sobieck the Caller (Vine Stalker Summoner)           Turns: 145, Time: 00:00:30

Health: 0/9        AC:  2    Str: 10    XL:     1   Next: 50%
Magic:  0/4        EV: 12    Int: 15    God:
Gold:   11         SH:  0    Dex: 14    Spells: 3/4 levels left

rFire   . . .      SeeInvis .    d - +0 dagger {short}
rCold   . . .      Faith    .    (no shield)
rNeg    . . .      Spirit   +    a - +0 robe
rPois   .          Reflect  .    (no helmet)
rElec   .          Harm     .    (no cloak)
rCorr   .          Rampage  .    (no gloves)
Will    .....                    (no boots)
Stlth   ++........               (no amulet)
HPRegen 0.03/turn                (no ring)
MPRegen 0.09/turn                (no ring)

@: no status effects
A: fangs 2, magic shield, antimagic bite, no potion heal 2
a: no special abilities


You were on level 1 of the Dungeon.
You visited 1 branch of the dungeon, and saw 1 of its levels.

You collected 11 gold pieces.


Innate Abilities, Weirdness & Mutations

You have extremely sharp teeth.
When hurt, damage is shared between your health and your magic reserves.
Your bite disrupts and absorbs the magic of your enemies.
Potions cannot restore your health.


   Skills:
 - Level 1.5 Dodging
 - Level 2.4 Stealth
 + Level 2.3 Spellcasting
 + Level 4.1 Summonings


You had 3 spell levels left.
You knew the following spells:

 Your Spells              Type           Power      Damage    Failure   Level
a - Summon Small Mammal   Summ           56%        N/A       4%          1

Your spell library contained the following spells:

 Spells                   Type           Power      Damage    Failure   Level
 Call Imp                 Summ           14%        N/A       6%          2
 Call Canine Familiar     Summ           14%        N/A       12%         3
 Summon Guardian Golem    Hex/Summ       7%         N/A       28%         3
 Summon Lightning Spire   Summ/Air       7%         N/A       67%         4

Inventory:

Hand Weapons
 d - a +0 dagger (weapon) {short}
   (You took it off a kobold on level 1 of the Dungeon)
Missiles
 e - 3 boomerangs {throwing}
 f - 5 stones {throwing}
Armour
 a - a +0 robe (worn)
Potions
 b - a potion of magic
 c - a potion of curing {unknown}

Dungeon Overview and Level Annotations

Branches:
Dungeon (1/15) Zot: 5854

Altars:

#.# #.##.#.# #.#
#.##..#. #.# ..####.#
#.# ### #.# . #### #.#
#.# ... ... #.# # #.#
....##.#######.#.#####
#.#
.......§..............
..#
......K.g@............
...
######################


You could see a hobgoblin and a kobold (unaware).


Message History

🤖 Initializing magus.rc ...
Options error: Bad monster_list_colour key: strict_neutral (~/.crawlrc:4812) Bad channel name for runrest: 'pray:' ✅ Successfully initialized magus_sobieck.rc [v0.0.4] Welcome, Sobieck the Vine Stalker Summoner.
Will you be the one to retrieve the breathtaking Orb of Zot from the depths?
Press ? for a list of commands and other information.
Found a puce potion.
Found a staircase leading out of the dungeon.
Unknown command.
c - a puce potion Unknown command.
You open the door.
A kobold comes into view. It is wielding a +0 dagger.
There is an open door here.
Danger!
The helpless kobold fails to defend itself.
You hit the kobold. The kobold closely misses you.
You hit the kobold but do no damage. The kobold misses you.
You closely miss the kobold. You bite the kobold. You drain its power.
The kobold misses you.
You hit the kobold.
You kill the kobold!
No target in view!
d - a +0 dagger {short} Unknown command.
d - a +0 dagger (weapon)
{short}
Found a stone staircase leading down.
Unknown command.
There is a stone staircase leading down here.
A ball python comes into view.
The ball python hisses angrily.
Danger!
You hit the ball python.
You kill the ball python!
No target in view!
No target in view!
e - 3 boomerangs {throwing} You now have 11 gold pieces.
A ball python comes into view.
Danger!
You miscast Summon Small Mammal.
You are very lightly contaminated with residual magic.
Nothing appears to happen.
The ball python hisses angrily.
Your bat hits the ball python.
The ball python closely misses your bat.
The ball python completely misses your bat.
Your bat barely misses the ball python.
Your bat closely misses the ball python.
The ball python barely misses you. The ball python grabs you.
The ball python constricts you.
You hit the ball python.
You kill the ball python!
No target in view!
Unknown command.
Your magical contamination has completely faded away.
Unknown command.
Okay, then.
Unknown command.
Your rat disappears in a puff of smoke!
f - 5 stones {throwing} Your bat disappears in a puff of smoke!
A kobold comes into view. It is wielding a +0 club.
Danger!
A hobgoblin comes into view.
The kobold shouts!
The hobgoblin shouts!
You see here a scroll labelled TARYSTR FILA.
The hobgoblin hits your rat.
Your rat dies!
Your rat's corpse disappears in a puff of smoke!
The kobold hits you with a +0 club. The kobold barely misses you.
Unknown command.
Unknown command.
You hit the hobgoblin. The kobold barely misses you. The hobgoblin hits you.
* * * LOW HITPOINT WARNING * * *
Your quokka barely misses the kobold.
You are too injured to fight recklessly!
Unknown command.
The kobold attacks as you move away! The kobold misses you.
The kobold barely misses your quokka.
Your quokka bites the kobold but does no damage.
The hobgoblin attacks as you move away! The hobgoblin misses you.
Your quokka bites the kobold.
The kobold hits your quokka with a +0 club.
You see here a scroll labelled TARYSTR FILA.
Unknown command.
You barely miss the hobgoblin.
You punch the hobgoblin, but do no damage.
Your quokka misses the kobold.
The kobold hits your quokka with a +0 club.
Your quokka dies!
Your quokka's corpse disappears in a puff of smoke!
The hobgoblin hits you.
You die...

Action                   || total
-------------------------++-------
Melee: Dagger            ||     4
       Unarmed           ||     4
       Punch             ||     1
       Bite              ||     1
 Cast: Summon Small Mamm ||     4
 Stab: Sleeping          ||     1
Dodge: Dodged            ||     8

Levels and vault maps discovered:
D:1:      lightli_arrival_quake, layout_loops_ring,
          ebering_ecumenical_altar_sacrificial

Notes
Turn   | Place    | Note
-------+----------+-------------------------------------------
     0 | D:1      | Sobieck the Vine Stalker Summoner began the quest for the
                  | Orb.
     0 | D:1      | Reached XP level 1. HP: 9/9 MP: 4/4
   145 | D:1      | Slain by a hobgoblin

Vanquished Creatures
  2 ball pythons (D:1)
  A kobold (D:1)
3 creatures vanquished.

Table legend:
 A = Non-vault XP
 B = Vault XP
 C = Vault XP percentage of total XP
 D = Non-vault monster count
 E = Vault monster count
 F = Vault count percentage of total count
                 A         B        C        D         E       F
            +---------+---------+-------+---------+---------+-------
      Total |       5 |       0 |   0.0 |       3 |       0 |   0.0
            +---------+---------+-------+---------+---------+-------
        D:1 |       5 |       0 |   0.0 |       3 |       0 |   0.0
            +---------+---------+-------+---------+---------+-------

Illustrated notes

Table legend:
 A = Kills in this place as a percentage of kills in entire the game.
 B = Kills by you in this place as a percentage of kills by you in the entire game.
 C = Kills by friends in this place as a percentage of kills by friends in the entire game.
 D = Other kills in this place as a percentage of other kills in the entire game.
 E = Experience gained in this place as a percentage of experience gained in the entire game.
 F = Experience gained in this place divided by the number of levels of this place that you have seen.
                   A       B       C       D       E      F
               +-------+-------+-------+-------+-------+----------------------
         Total | 100.0 | 100.0 |   N/A |   N/A | 100.0 |   5.0
       Dungeon | 100.0 | 100.0 |   N/A |   N/A | 100.0 |   5.0
               +-------+-------+-------+-------+-------+----------------------

Table legend: (Time is in decaauts)
 A = Elapsed time spent in this place.
 B = Non-inter-level travel time spent in this place.
 C = Inter-level travel time spent in this place.
 D = Time resting spent in this place.
 E = Time spent auto-exploring this place.
 F = Levels seen in this place.
 G = Mean time per level.
                   A        B        C        D        E       F      G
               +--------+--------+--------+--------+--------+-----+--------+
         Total |    144 |    144 |      0 |      0 |    111 |   1 |  144.0 |
       Dungeon |    144 |    144 |      0 |      0 |    111 |   1 |  144.0 |
               +--------+--------+--------+--------+--------+-----+--------+

Top non-repeatable levels by time:
     D:1: 144 daAuts
